Map: Kairos Junction LE

Players

LiquidMaNa (MaNa) - Winner!

  • Race: Protoss Protoss
  • League: Grandmaster
  • Spawn Location: 11:00

HeroMarine

  • Race: Terran Terran
  • League: Master
  • Spawn Location: 5:00

Event: IEM Season 13 - Katowice Server Qualifiers Europe

VOD

Have the link to the VOD?

Description

Time

  • Played on: Jan. 8, 2019, 11:07 a.m.
  • Length: 12:07

All games in this series

Show
View Real Time Build Order
Export as new Build Order

LiquidMaNa Protoss - Winner!

Build Orders: 1 Gate Expand, Oracle Opening 

Get SALT Encoding   

  12  0:00  Probe  
  13  0:12  Probe  
  14  0:17  Pylon  
  14  0:24  Probe  
  15  0:32  Probe  
  15  0:37  Gateway  
  15  0:40  Probe  
  16  0:47  Assimilator  
  17  0:51  Probe  
  18  1:03  Probe  
  19  1:15  Probe  
  20  1:22  Nexus  
  20  1:32  Cybernetics Core  
  20  1:34  Probe  
  21  1:40  Assimilator  
  21  1:46  Probe  
  22  1:52  Pylon  
  22  1:59  Probe  
  22  2:01  Adept  
  23  2:11  Probe  
  26  2:18  Stargate  
  26  2:19  Adept  
  26  2:23  Probe  
  29  2:31  Warp Gate  
  29  2:34  Probe  
  29  2:35  Probe  
  31  2:39  Adept  
  31  2:46  Probe  
  31  2:47  Probe  
  35  2:55  Oracle  
  35  2:59  Probe x2  
  40  3:10  Adept  
  40  3:11  Probe  
  41  3:17  Probe  
  41  3:23  Probe, Pylon  
  42  3:30  Probe  
  43  3:36  Oracle  
  46  3:42  Probe x2  
  48  3:54  Probe x2  
  50  4:05  Phoenix  
  50  4:06  Probe x2  
  50  4:07  Nexus  
  50  4:08  Gateway  
  50  4:09  Gateway  
  50  4:18  Probe x2  
  50  4:21  Pylon  
  50  4:23  Twilight Council  
  52  4:27  Forge  
  52  4:32  Probe x2  
  52  4:37  Phoenix  
  54  4:40  Zealot, Pylon  
  54  4:44  Probe x2  
  59  4:56  Probe  
  59  4:58  Probe  
  61  5:00  Charge  
  61  5:04  Zealot  
  63  5:08  Probe  
  63  5:10  Probe  
  65  5:16  Protoss Ground Armor Level 1  
  65  5:20  Probe  
  66  5:26  Probe  
  66  5:28  Assimilator  
  67  5:29  Assimilator  
  67  5:33  Gateway  
  67  5:34  Gateway  
  67  5:35  Gateway  
  67  5:36  Gateway  
  67  5:38  Probe x2  
  67  5:39  Phoenix  
  69  5:43  Probe  
  72  5:50  Probe x2  
  72  5:55  Probe  
  72  5:56  Robotics Facility  
  75  6:05  Probe  
  75  6:09  Probe x2  
  75  6:11  Phoenix  
  79  6:12  Zealot x3  
  79  6:15  Pylon  
  85  6:19  Pylon  
  85  6:23  Pylon  
  85  6:25  Pylon  
  85  6:40  Pylon  
  85  6:44  Robotics Facility  
  85  6:45  Zealot x3, Robotics Bay  
  85  6:46  Zealot x2  
  95  6:52  Blink  
  95  6:54  Probe, Assimilator  
  95  6:57  Assimilator  
  94  7:03  Probe x2  
  94  7:08  Pylon  
  96  7:09  Photon Cannon  
  96  7:10  Protoss Ground Weapons Level 1  
  96  7:13  Sentry, Immortal  
  96  7:14  Sentry, Zealot  
  106  7:18  Colossus  
  106  7:21  Probe  
  107  7:28  Probe x2  
  109  7:33  Probe  
  109  7:36  Zealot x2  
  109  7:37  Zealot  
  122  7:42  Colossus, Zealot x2, Sentry  
  124  8:11  Pylon x3  
  123  8:15  Pylon  
  123  8:16  Pylon  
  121  8:35  Zealot x7  
  87  8:56  Zealot x6  
  89  9:05  Warp Prism  
  89  9:09  Stalker  
  91  9:26  Zealot x3  
  91  9:29  Stalker  
  99  9:43  Templar Archives  
  99  9:52  Nexus  
  99  9:55  Extended Thermal Lance  
  97  10:19  High Templar x2  
  97  10:20  High Templar x4, Pylon  
  97  10:21  Stalker  
  111  10:23  Archon x2  
  111  10:26  Archon  
  111  10:30  Probe x2  
  111  10:33  Colossus  
  119  10:51  Stalker  
  119  10:52  Zealot x3  
  119  10:56  Stalker  
  129  10:58  Stalker  
  131  11:09  Sentry  
  133  11:18  Stalker x4  
  139  11:19  Stalker  
  137  11:37  Zealot x2  
  125  11:47  Probe x3  
  128  11:54  Zealot x5  
Show
View Real Time Build Order
Export as new Build Order

HeroMarine Terran 

Build Orders: Gas First Reaper Expand 

Get SALT Encoding   

  12  0:00  SCV  
  13  0:12  SCV  
  14  0:16  Supply Depot  
  14  0:24  SCV  
  14  0:27  Refinery  
  15  0:38  SCV  
  16  0:44  Barracks  
  16  0:50  SCV  
  17  1:02  SCV  
  18  1:14  SCV  
  19  1:31  Reaper, Orbital Command  
  20  1:41  Command Center  
  20  1:53  Factory  
  20  1:57  SCV  
  21  2:04  Barracks Reactor  
  21  2:09  SCV  
  21  2:14  Supply Depot  
  22  2:17  Refinery  
  22  2:22  SCV  
  23  2:35  SCV  
  24  2:37  Hellion  
  24  2:41  Marine x2, Starport  
  28  2:47  SCV  
  29  2:59  SCV  
  28  3:05  Orbital Command  
  28  3:06  Marine x2  
  28  3:12  SCV  
  29  3:13  Widow Mine  
  29  3:18  Medivac  
  33  3:24  Marine, SCV  
  33  3:26  Marine  
  36  3:31  SCV  
  37  3:34  Factory Tech Lab  
  37  3:36  SCV  
  37  3:41  Barracks  
  38  3:43  Marine  
  38  3:44  Marine  
  40  3:50  SCV  
  40  3:51  SCV  
  41  4:01  Marine  
  41  4:02  Marine, SCV  
  42  4:05  SCV  
  42  4:14  SCV  
  43  4:17  SCV, Supply Depot  
  43  4:23  Marine x2  
  46  4:27  Factory Tech Lab  
  46  4:34  Barracks Tech Lab  
  46  4:37  Supply Depot  
  46  4:38  Raven  
  46  4:39  SCV x2  
  46  4:41  Marine  
  51  4:49  Barracks  
  51  4:55  SCV x2  
  53  5:00  Engineering Bay, Stimpack  
  53  5:04  Hellion  
  55  5:07  SCV x2  
  55  5:11  Marine  
  55  5:12  Marine  
  55  5:13  Marine  
  60  5:19  SCV  
  60  5:20  SCV  
  55  5:23  Supply Depot  
  55  5:26  Terran Infantry Weapons Level 1  
  55  5:29  Siege Tank  
  55  5:30  Starport Reactor  
  55  5:33  Missile Turret  
  55  5:34  Missile Turret  
  60  5:38  Marine x2  
  62  5:43  Marine  
  62  5:44  Supply Depot  
  62  5:46  Supply Depot  
  62  5:47  Marine  
  62  5:56  Marine x2  
  64  5:59  Barracks  
  64  6:00  Barracks  
  64  6:03  Marine  
  65  6:09  SCV  
  65  6:10  SCV  
  65  6:13  Marine, Starport Reactor  
  65  6:14  Marine x3, Factory Reactor, Refinery  
  69  6:22  Marauder  
  69  6:24  Command Center  
  71  6:31  Marine x2  
  71  6:32  Marine x2  
  75  6:34  Supply Depot  
  75  6:43  Marauder  
  77  6:49  Marine x2  
  77  6:50  Marine x2  
  77  6:51  Widow Mine x2  
  85  6:55  Supply Depot  
  85  6:56  Supply Depot, Medivac x2  
  85  7:00  Combat Shield  
  89  7:04  Concussive Shells  
  89  7:05  Marauder x2  
  89  7:07  Marine  
  94  7:16  Marine x3  
  94  7:17  Marauder, Widow Mine  
  94  7:18  Supply Depot  
  94  7:19  Widow Mine  
  103  7:25  Medivac  
  103  7:26  Marine x2  
  103  7:27  Medivac  
  109  7:33  Marine  
  109  7:34  Marine x2  
  112  7:38  Marine x2  
  112  7:46  Marine x2  
  112  7:51  Marine  
  114  7:52  Marine x2  
  114  7:56  Marine  
  118  8:08  Marine x3  
  121  8:17  Liberator  
  118  8:31  Marine x2  
  118  8:32  Marine x2  
  118  8:33  Marine x2  
  106  8:54  Marauder x2  
  78  8:59  Marine x2  
  70  9:06  Marine  
  70  9:09  Orbital Command  
  60  9:13  SCV  
  60  9:16  Marine  
  59  9:20  Marine  
  63  9:39  Medivac x2  
  63  9:43  Marauder x2  
  63  9:45  Marauder  
  70  9:47  SCV  
  70  9:48  SCV  
  70  9:51  SCV  
  73  9:59  SCV  
  74  10:00  SCV  
  74  10:04  Marauder x2  
  79  10:08  Marauder  
  79  10:09  Liberator x2, SCV  
  79  10:11  SCV  
  79  10:12  SCV  
  79  10:13  Terran Infantry Armor Level 1  
  84  10:21  SCV  
  84  10:23  SCV  
  84  10:24  SCV, Orbital Command  
  84  10:25  Marauder  
  95  10:30  Marauder  
  95  10:35  Marine x4  
  101  10:44  Marauder  
  101  10:47  Marauder, Widow Mine x2  
  109  10:51  Marine  
  109  10:53  Refinery  
  109  10:55  Marine x2  
  109  10:56  Ghost Academy  
  112  10:57  Marine, Orbital Command  
  112  10:59  Marine  
  112  11:01  Liberator x2  
  114  11:06  Marauder  
  114  11:10  Marauder  
  114  11:11  Marauder  
  126  11:27  Marauder  
  126  11:28  Marine  
  109  11:39  Marauder x2  
  94  11:46  Marine x2  
  96  11:49  Marine  

Tags
 
Add a new tag
Caveats
  • Supply blocks, unpowered buildings, or Contaminate may cause inaccurate times.
  • Supply counts are checked every 10 seconds.